 Dungeon Sprint DCSS version 0.22-a0-393-g7f50228948 (webtiles) character file.

25675 Laan the Ruinous (level 12, -3/59 HPs)
             Began as a Deep Elf Fire Elementalist on May 3, 2018.
             Was the Champion of Vehumet.
             Slain by an emperor scorpion (6 damage)
             ... in the Dungeon (Sprint V: "Ziggurat Sprint").
             The game lasted 00:18:52 (1565 turns).

Laan the Ruinous (Deep Elf Fire Elementalist)       Turns: 1565, Time: 00:18:53

Health: -3/59      AC: 10    Str:  5    XL:     12   Next: 91%
Magic:  27/53      EV:  6    Int: 32    God:    Vehumet [******]
Gold:   0          SH:  9    Dex: 15    Spells: 25/51 levels left

rFire    + . .     SeeInvis .   J - staff of power
rCold    x . .     Gourm    +   j - +3 buckler
rNeg     . . .     Faith    .   H - +6 scale mail of the Fifty Ghosts {rCorr}
rPois    +         Spirit   .   (no helmet)
rElec    .         Reflect  .   h - +0 cloak {rPois}
rCorr    +         Harm     .   (no gloves)
MR       +....     NoTele   +   (no boots)
Stlth    +.........             K - amulet of the gourmand
HPRegen  0.19/turn              G - +6 ring of intelligence
MPRegen  0.33/turn              I - ring of fire

@: very slightly contaminated
A: talons 1, deformed body
a: Renounce Religion


You were in the Dungeon.
You worshipped Vehumet.
Vehumet was exalted by your worship.
You were completely stuffed.

You visited 1 branch

Inventory:

Hand Weapons
 l - a +5 broad axe
Armour
 b - +5 gold dragon scales
 h - a +0 cloak of poison resistance (worn)
 j - a +3 buckler (worn)
 k - a +3 large shield
 H - the +6 scale mail of the Fifty Ghosts (worn) {rCorr}
   (You found it in the Dungeon)

   It protects you from acid and corrosion.
 N - the +2 cloak of the Thief {+Fog Slay-2 SInv Stlth+}
   (You found it in the Dungeon)

   It affects your accuracy and damage with ranged weapons and melee attacks
   (-2).
   It lets you see invisible.
   It makes you more stealthy.
Magical Staves
 B - an uncursed staff of energy
 J - an uncursed staff of power (weapon)
 L - an uncursed staff of earth
 M - an uncursed staff of conjuration
 O - an uncursed staff of wizardry
Jewellery
 a - the amulet of Baakk {Acrobat *Slow +Fly rF- rC+++}
   (You found it in the Dungeon)

   [amulet of the acrobat]

   It helps you evade while moving and waiting.
   It makes you vulnerable to fire.
   It renders you almost immune to cold.
   It lets you fly.
   It may slow you when you take damage.
 p - an uncursed amulet of magic regeneration
 G - a +6 ring of intelligence (left hand)
 I - a ring of fire (right hand)
 K - an amulet of the gourmand (around neck)
 P - the ring of Happiness {EV+3 Dex+2}
   (You found it in the Dungeon)

   [ring of evasion]

   It affects your evasion (+3).
   It affects your dexterity (+2).
 Q - an uncursed ring of resist corrosion
Wands
 y - a wand of disintegration (6)
 z - a wand of iceblast (7)
 A - a wand of acid (7)
Scrolls
 s - 4 scrolls of amnesia
 t - 7 scrolls of fog
 u - 2 scrolls of holy word
 v - 5 scrolls of identify
 w - 5 scrolls of remove curse
 x - 2 scrolls of fear
 D - a scroll of brand weapon
 E - 4 scrolls of enchant weapon
Potions
 d - 10 potions of curing
 e - 10 potions of heal wounds
 f - 6 potions of haste
 g - 6 potions of magic
 m - 2 potions of brilliance
 n - 2 potions of invisibility
 o - 4 potions of resistance
 q - 6 potions of agility
 r - 5 potions of might
Miscellaneous
 C - a crystal ball of energy
Comestibles
 c - 7 rations


   Skills:
 - Level 2.4 Dodging
 - Level 2.4 Stealth
 - Level 7.2 Shields
 + Level 20.0 Spellcasting
 * Level 22.8 Conjurations
 + Level 17.4 Fire Magic


You had 25 spell levels left.
You knew the following spells:

 Your Spells              Type           Power        Failure   Level  Hunger
a - Flame Tongue          Conj/Fire      #####        0%          1    None
b - Fireball              Conj/Fire      ########..   1%          5    None
c - Sticky Flame          Conj/Fire      ########     1%          4    None
d - Orb of Destruction    Conj           ########..   1%          7    ##.....
e - Lightning Bolt        Conj/Air       #######...   1%          5    None
f - Iskenderun's Mystic   Conj           ########     0%          4    None


Dungeon Overview and Level Annotations

Branches:
Dungeon (1/1)

Altars:
Ashenzari
Cheibriados
Dithmenos
Elyvilon
Fedhas
Gozag
Hepliaklqana
Kikubaaqudgha
Makhleb
Nemelex Xobeh
Okawaru
Qazlal
Ru
Sif Muna
Trog
Uskayaw
Vehumet
Wu Jian
Xom
Yredelemnul
Zin
The Shining One
Beogh
Jiyva
Lugonu

Annotations:
D 1 transporter


Innate Abilities, Weirdness & Mutations

You have sharp toenails.
Armour fits poorly on your strangely shaped body.


Message History

Casting: Fireball (safe; 1% risk of failure)
Confirm with . or Enter, or press ? or * to list all spells.
Okay, then.
Unknown command.
Casting: Fireball (safe; 1% risk of failure)
Confirm with . or Enter, or press ? or * to list all spells.
Aiming: Sticky Flame (safe; 1% risk of failure)
Press: ? - help, Shift-Dir - straight line, f - emperor scorpion
Aim: an emperor scorpion (severely wounded)
You feel a surge of power!
The sticky flame hits the emperor scorpion.
The emperor scorpion is almost dead.
The emperor scorpion is covered in liquid flames!
The emperor scorpion burns!
The orb spider pulsates with a strange energy.
The emperor scorpion stings you!!
* * * LOW HITPOINT WARNING * * *
The emperor scorpion claws you but does no damage.
The emperor scorpion claws you.
You die...

▓▓▓▓▓▓▓▓▓▓▓▓▓▓▓▓▓▓▓▓▓▓▓▓▓
▓....8©8@...▓▓.8©8.▓.8©8.
▓.."[}))s)..▓▓.}...▓.}}}.
▓..:):[)=[..▓▓..[..▓.....
▓..s..s.....▓▓.....▓.....
▓...........▓▓.....▓..)..
▓....†......▓▓.....▓..†..
▓......†....▓▓..©..▓..©..
▓..▓.....▓..▓▓▓▓▓▓▓▓▓▓▓▓▓
▓.▓.▓...▓.▓ ▓..8©8...▓..8


You could see 2 emperor scorpions and an orb spider.

Vanquished Creatures
  A tentacled starspawn (D)
  A ghost moth (shapeshifter) (D)
  A ghost moth (D)
  2 entropy weavers (D)
  A vampire knight (D)
  An iron golem (D)
  2 skeletal warriors (D)
  A swamp dragon (shapeshifter) (D)
  A necromancer (D)
  2 orb spiders (D)
  4 wolf spiders (D)
  2 shining eyes (D)
  An ugly thing (D)
  A rust devil (D)
  A water nymph (shapeshifter) (D)
  An eye of devastation (D)
  2 spiny frogs (D)
  A komodo dragon (D)
  A demonic crawler (D)
  A tormentor (D)
  3 ice devils (D)
  A guardian mummy (D)
  4 jumping spiders (D)
  A merfolk (shapeshifter) (D)
  A jumping spider (shapeshifter) (D)
  A meliai (shapeshifter) (D)
  3 hornets (D)
  A hippogriff (shapeshifter) (D)
  A raiju (shapeshifter) (D)
  2 slime creatures (D)
  6 tarantellas (D)
  A shadow (D)
  A flying skull (D)
  2 vampires (D)
  A spriggan (D)
  5 redbacks (D)
  A golden eye (shapeshifter) (D)
  A basilisk (D)
  6 neqoxecs (D)
  A naga (D)
  A hell hound (D)
  A water moccasin (D)
  3 floating eyes (D)
  2 black bears (D)
  An eye of draining (shapeshifter) (D)
  A black bear (shapeshifter) (D)
  An eye of draining (D)
  4 wolves (D)
  2 bullfrogs (D)
  A scorpion (D)
  5 wights (D)
  A jelly (D)
  2 iron imps (D)
  2 mummies (D)
  An ooze (D)
  A ball python (D)
  2 bat skeletons (D)
  2 bat zombies (D)
  A ball python zombie (D)
  A giant cockroach zombie (D)
  2 jackal skeletons (D)
  A leopard gecko zombie (D)
  2 quokka zombies (D)
  3 starspawn tentacles (D)
114 creatures vanquished.

Notes
Turn   | Place    | Note
-------+----------+-------------------------------------------
     0 | D        | Found the +6 Majin-Bo {vamp, Archmagi MP+6 Int+6}
     0 | D        | Found the +7 great mace "Firestarter" {inner flame, rF++}
     0 | D        | Laan the Deep Elf Fire Elementalist began the quest for the Orb.
     0 | D        | Reached XP level 1. HP: 10/10 MP: 6/6
    13 | D        | Found a blossoming altar of Fedhas.
    20 | D        | Found a viscous altar of Jiyva.
    20 | D        | Found a hazy altar of Hepliaklqana.
    20 | D        | Found a transporter.
    20 | D        | Found an opulent altar of Gozag.
    20 | D        | Found an ancient bone altar of Kikubaaqudgha.
    20 | D        | Found a corrupted altar of Lugonu.
    30 | D        | Found a deep blue altar of Sif Muna.
    30 | D        | Found a sacrificial altar of Ru.
    30 | D        | Found a bloodstained altar of Trog.
    30 | D        | Found a stormy altar of Qazlal.
    30 | D        | Found an iron altar of Okawaru.
    30 | D        | Found a sparkling altar of Nemelex Xobeh.
    32 | D        | Found a burning altar of Makhleb.
    60 | D        | Became a worshipper of Vehumet
    74 | D        | Entered arena 2.
    74 | D        | Noticed a tentacled starspawn
    74 | D        | Noticed an iron imp
    74 | D        | Found a transporter.
    82 | D        | Killed a tentacled starspawn
    82 | D        | Reached skill level 13 in Conjurations
    82 | D        | Reached skill level 10 in Fire Magic
    82 | D        | Reached XP level 2. HP: 2/15 MP: 6/16
    82 | D        | Reached XP level 3. HP: 3/19 MP: 6/18
    82 | D        | Reached XP level 4. HP: 3/24 MP: 6/19
    82 | D        | Reached XP level 5. HP: 4/28 MP: 6/21
    82 | D        | Reached XP level 6. HP: 5/32 MP: 6/22
    82 | D        | Reached XP level 7. HP: 5/36 MP: 6/24
    82 | D        | Reached XP level 8. HP: 6/41 MP: 6/25
   362 | D        | Learned a level 5 spell: Fireball
   367 | D        | Learned a level 4 spell: Sticky Flame
   368 | D        | Entered arena 3.
   368 | D        | Found a transporter.
   369 | D        | Reached XP level 9. HP: 45/45 MP: 25/27
   372 | D        | Reached * piety under Vehumet
   372 | D        | Offered knowledge of Shock by Vehumet.
   375 | D        | Reached skill level 14 in Conjurations
   520 | D        | Entered arena 4.
   520 | D        | Found a transporter.
   524 | D        | Reached ** piety under Vehumet
   524 | D        | Offered knowledge of Searing Ray by Vehumet.
   529 | D        | Reached XP level 10. HP: 50/50 MP: 22/29
   647 | D        | Entered arena 5.
   647 | D        | Found a transporter.
   648 | D        | Found the +7 great mace "Undeadhunter" {disrupt, rN+}
   648 | D        | Offered knowledge of Ignite Poison by Vehumet.
   648 | D        | Reached *** piety under Vehumet
   648 | D        | Reached skill level 15 in Conjurations
   718 | D        | Entered arena 6.
   718 | D        | Found a transporter.
   719 | D        | Reached **** piety under Vehumet
   728 | D        | Got the amulet "Mois Piu" {Faith Int+4 Slay+4}
   730 | D        | Got the ring of Sofao {rCorr *Corrode rN+ Int+3 Dex+2}
   900 | D        | Entered arena 7.
   901 | D        | Offered knowledge of Static Discharge by Vehumet.
   901 | D        | Reached ***** piety under Vehumet
   903 | D        | Found a transporter.
   909 | D        | Got the amulet of Baakk {Acrobat *Slow +Fly rF- rC+++}
   922 | D        | Entered arena 8.
   922 | D        | Noticed a shining eye
   922 | D        | Noticed an eye of devastation
   923 | D        | Gained mutation: Armour fits poorly on your strangely shaped body. [a shining eye]
   924 | D        | Killed an eye of devastation
   924 | D        | Reached ****** piety under Vehumet
   924 | D        | Reached skill level 16 in Conjurations
   928 | D        | Gained mutation: You have sharp toenails. [a shining eye]
   930 | D        | Killed a shining eye
   931 | D        | Found a transporter.
   941 | D        | Got the Compendium of Conjuration and Calling
   943 | D        | Got the Reference Book on the Shifting Entourage
   956 | D        | Learned a level 7 spell: Orb of Destruction
   973 | D        | Entered arena 9.
   973 | D        | Noticed a shining eye
   976 | D        | Killed a shining eye
   976 | D        | Reached skill level 17 in Conjurations
   977 | D        | Reached skill level 15 in Spellcasting
   978 | D        | Found a transporter.
   984 | D        | Got the ring "Derchiuwk" {rCorr *Corrode Int+5}
  1028 | D        | Entered arena 10.
  1032 | D        | Reached XP level 11. HP: 54/54 MP: 32/32
  1037 | D        | Found a transporter.
  1043 | D        | Got the amulet "Cometz" {Inacc +Fly rC- Int+5 Stlth+}
  1048 | D        | Got the +6 scale mail of the Fifty Ghosts {rCorr}
  1086 | D        | Entered arena 11.
  1087 | D        | Offered knowledge of Lightning Bolt by Vehumet.
  1087 | D        | Reached skill level 18 in Conjurations
  1091 | D        | Found a transporter.
  1116 | D        | Got the Volume of Lightness
  1150 | D        | Entered arena 12.
  1150 | D        | Noticed an entropy weaver
  1150 | D        | Noticed a wolf spider
  1152 | D        | Noticed an entropy weaver
  1152 | D        | Killed a wolf spider
  1154 | D        | Killed an entropy weaver
  1154 | D        | Reached skill level 19 in Conjurations
  1156 | D        | Killed an entropy weaver
  1156 | D        | Reached skill level 15 in Fire Magic
  1156 | D        | Killed a ghost moth
  1156 | D        | Reached skill level 20 in Conjurations
  1158 | D        | Found the +2 cloak of the Thief {+Fog Slay-2 SInv Stlth+}
  1158 | D        | Found the macabre finger necklace {rN+}
  1160 | D        | Found a transporter.
  1219 | D        | Entered arena 13.
  1219 | D        | Noticed a skeletal warrior
  1222 | D        | Noticed an iron golem
  1223 | D        | Killed a skeletal warrior
  1225 | D        | Found a transporter.
  1226 | D        | Reached XP level 12. HP: 31/59 MP: 28/36
  1256 | D        | Got the Catalogue of Earth
  1263 | D        | Got the ring of Happiness {EV+3 Dex+2}
  1390 | D        | Learned a level 5 spell: Lightning Bolt
  1395 | D        | Entered arena 14.
  1397 | D        | Noticed an ice dragon
  1397 | D        | Offered knowledge of Iskenderun's Battlesphere by Vehumet.
  1399 | D        | Reached skill level 21 in Conjurations
  1400 | D        | an ice dragon changed into a wolf spider
  1404 | D        | Noticed a great orb of eyes
  1404 | D        | a great orb of eyes changed into something unseen
  1407 | D        | Killed a ghost moth
  1410 | D        | Found a transporter.
  1433 | D        | Got the Disquisition on Ashen Flight
  1488 | D        | Entered arena 15.
  1492 | D        | Noticed a vampire knight
  1495 | D        | Killed a vampire knight
  1495 | D        | Reached skill level 22 in Conjurations
  1501 | D        | Found a transporter.
  1539 | D        | Learned a level 4 spell: Iskenderun's Mystic Blast
  1550 | D        | Entered arena 16.
  1551 | D        | Noticed an emperor scorpion
  1554 | D        | Noticed an emperor scorpion
  1557 | D        | Found a transporter.
  1558 | D        | Offered knowledge of Bolt of Fire by Vehumet.
  1565 | D        | Slain by an emperor scorpion

Vault maps used:
D:        sprint_v

Skill      XL: |  1  2  3  4  5  6  7  8  9 10 11 12 |
---------------+-------------------------------------+-----
Shields        | 7 |  7.2
Spellcasting   | 11 12 13 15 18 20 | 20.0
Conjurations   | 13 14 17 20 22 | 22.8
Fire Magic     | 10 11 13 15 17 | 17.4
Dodging        | |  2.4
Stealth        | |  2.4

Action                   |  1- 3 |  4- 6 |  7- 9 | 10-12 || total
-------------------------+-------+-------+-------+-------++-------
Melee: Broad axe         |     7 |       |    14 |       ||    21
 Cast: Fireball          |       |       |       |    59 ||    59
       Flame Tongue      |       |       |       |     9 ||     9
       Sticky Flame      |       |       |       |     6 ||     6
       Orb of Destructio |       |       |       |     7 ||     7
       Lightning Bolt    |       |       |       |     1 ||     1
Evoke: Wand              |       |       |       |     1 ||     1
  Use: Potion            |     1 |       |     3 |     1 ||     5
       Scroll            |       |       |       |     4 ||     4
  Eat: Chunk             |       |       |       |    14 ||    14
Armor: Gold dragon scale |     4 |       |     8 |       ||    12
       Scale mail        |       |       |       |     4 ||     4
Dodge: Dodged            |       |       |       |     4 ||     4
Block: Large shield      |     6 |       |     8 |       ||    14
       Buckler           |       |       |       |     6 ||     6

Table legend:
 A = Spawn XP
 B = Non-spawn XP
 C = Spawn XP percentage of total XP
 D = Spawn monster count
 E = Non-spawn monster count
 F = Spawn count percentage of total count
 G = Total turns spent on level
                    A         B        C        D         E        F      G
               +---------+---------+-------+---------+---------+-------+---------
         Total |       0 |   34406 |   0.0 |       0 |     111 |   0.0 |  1565
               +---------+---------+-------+---------+---------+-------+---------
             D |       0 |   34406 |   0.0 |       0 |     111 |   0.0 |  1565
               +---------+---------+-------+---------+---------+-------+---------
